 Dungeon Crawl Stone Soup version bcrawl-1.21.2-20-g6d45ba5942 (webtiles) character file.

Game seed: 8341424868267904699

219 Revguard the Insei (level 5, -1/36 HPs)
             Began as an Octopode Martial Artist on Feb 26, 2020.
             Was a Believer of Wu Jian.
             Slain by a river rat (7 damage)
             ... summoned by Eustachio
             ... on level 4 of the Dungeon.
             The game lasted 00:10:28 (2294 turns).

Revguard the Insei (Octopode Martial Artist)        Turns: 2294, Time: 00:10:28

Health: -1/36      AC:  1    Str: 11    XL:     5   Next: 96%
Magic:  6/6        EV: 20    Int: 12    God:    Wu Jian [**....]
Gold:   102        SH:  0    Dex: 22    Spells: 5/6 levels left

rFire    . . .     SeeInvis .     - Unarmed
rCold    . . .     Gourm    .   (no shield)
rNeg     . . .     Faith    .   (helmet restricted)
rPois    .         Spirit   .   (cloak restricted)
rElec    .         Reflect  .   (no amulet)
rCorr    .         Harm     .   (no ring)
MR       .....                  (no ring)
Stlth    +++++.....             (no ring)
HPRegen  0.12/turn              (no ring)
MPRegen  0.10/turn              (no ring)
                                (no ring)
                                (no ring)
                                (no ring)

@: agile, drained
A: almost no armour, stealthy swim, amphibious, 8 rings, constrict 8, camouflage
1, agile 1, wild magic 1, gelatinous body 1
a: Wall Jump, Serpent's Lash, Renounce Religion


You were on level 4 of the Dungeon.
You worshipped Wu Jian.
Wu Jian was pleased with you.
You were hungry.

You visited 1 branch of the dungeon, and saw 4 of its levels.

You collected 102 gold pieces.

Inventory:

Missiles
 h - 29 curare-tipped needles
 j - 141 poisoned tomahawks (quivered)
Scrolls
 b - a scroll of teleportation
 d - 2 scrolls of enchant weapon
 f - 4 scrolls of identify
 g - 2 scrolls of magic mapping
Comestibles
 e - 7 rations {!d}
 k - 5 chunks of flesh


   Skills:
 + Level 3.4(2.7) Fighting
 + Level 3.4(2.8) Dodging
 + Level 4.8(4.1) Stealth
 + Level 5.4(4.6) Unarmed Combat
 + Level 1.0(0.4) Spellcasting
 + Level 1.3(0.6) Hexes


You had 5 spell levels left.
You knew the following spells:

 Your Spells              Type           Power        Failure   Level  Hunger
a - Confusing Touch       Hex            #.......     32%         1    ##.....
Your spell library was empty.

Dungeon Overview and Level Annotations

Branches:
Dungeon (4/12)
 Temple: D:4-7

Altars:
Makhleb
Vehumet

Annotations:
D:4 Eustachio


Innate Abilities, Weirdness & Mutations

You cannot wear most types of armour.
You are very stealthy in the water. (Stealth+)
You are amphibious.
You can wear up to eight rings at the same time.
You can use your tentacles to constrict eight enemies at once.
Your skin changes colour to match your surroundings (Stealth+).
Your rubbery body absorbs attacks. (AC +1, EV +1)
You are agile. (Dex +2)
Your spells are a little harder to cast, but a little more powerful.


Message History

Eustachio mumbles some strange words.
Eustachio blinks!
The river rat barely misses you. The river rat completely misses you.
You release your grip on the river rat.
You spin and attack the river rat.
You tentacle-slap the river rat. You grab the river rat.
The river rat is heavily wounded.
You constrict the river rat, but do no damage.
You are feeling hungry.
The river rat completely misses you.
You release your grip on the river rat.
You spin and attack the river rat repeatedly.
You barely miss the river rat. You grab the river rat.
You tentacle-slap the river rat. You squeeze the river rat.
The river rat is moderately wounded.
You spin and attack the river rat.
You tentacle-slap the river rat but do no damage.
You grab the river rat.
The river rat is heavily wounded.
You constrict the river rat. x2; The river rat bites you!
You die...

####### ....
.....# ......
#....# ......
#....####.@..).
#....+.........
#....#.........
#@r.#.........
#rr...........
#..r.†!.......
###.......!...
#.......#.....
#.......# ....
.........# ...
........#### ..
......... .


You could see 3 river rats and a quokka.

Vanquished Creatures
  A howler monkey (D:3)
  A hound (D:3)
  An orc wizard (D:2)
  Natasha (D:4)
  2 adders
  2 worms
  4 dart slugs (D:1)
  5 leopard geckos
  5 bats
  3 giant cockroaches
  2 goblins
  11 hobgoblins
  8 jackals
  A quokka (D:3)
  A ball python (D:2)
  4 frilled lizards (D:2)
  7 kobolds
  3 rats
62 creatures vanquished.

Notes
Turn   | Place    | Note
-------+----------+-------------------------------------------
     0 | D:1      | Revguard the Octopode Martial Artist began the quest for
                  | the Orb.
     0 | D:1      | Reached XP level 1. HP: 16/16 MP: 2/2
   112 | D:1      | Reached XP level 2. HP: 21/21 MP: 3/3
   452 | D:1      | Reached XP level 3. HP: 25/26 MP: 4/4
   991 | D:1      | Reached ** piety under Wu Jian
  1257 | D:1      | Gained mutation: You are agile. (Dex +2) [potion of
                  | mutation]
  1257 | D:1      | Gained mutation: Your spells are a little harder to cast,
                  | but a little more powerful. [potion of mutation]
  1265 | D:2      | Found a faded altar of an unknown god.
  1400 | D:2      | Found a radiant altar of Vehumet.
  1405 | D:2      | Found a burning altar of Makhleb.
  1435 | D:2      | Reached XP level 4. HP: 31/31 MP: 5/5
  1790 | D:2      | Reached skill level 5 in Unarmed Combat
  2003 | D:3      | Reached XP level 5. HP: 29/36 MP: 6/6
  2266 | D:4      | Noticed Natasha
  2266 | D:4      | Noticed Eustachio
  2272 | D:4      | Killed Natasha
  2294 | D:4      | Slain by a river rat

Skill      XL: |  1  2  3  4 |
---------------+-------------+-----
Stealth        | 2 3 4 |  4.8
Unarmed Combat | 5 |  5.4
Fighting       | |  3.4
Dodging        | |  3.4
Spellcasting   | |  1.0
Hexes          | |  1.3

Action                   |  1- 3 |  4- 6 || total
-------------------------+-------+-------++-------
Melee: Unarmed           |    72 |    83 ||   155
       Constrict         |    22 |    29 ||    51
       Tentacles         |    13 |    18 ||    31
       Punch             |     1 |     3 ||     4
 Cast: Confusing Touch   |       |     1 ||     1
Invok: Lunge             |    16 |    13 ||    29
       Whirlwind         |    29 |    38 ||    67
 Abil: Serpent's Lash    |       |     1 ||     1
  Use: Potion            |     3 |     4 ||     7
       Scroll            |       |     4 ||     4
 Stab: Sleeping          |    14 |     5 ||    19
       Distracted        |       |     1 ||     1
       Confused          |       |     1 ||     1
  Eat: Chunk             |     2 |     2 ||     4
Armor: Skin              |     2 |     3 ||     5
Dodge: Dodged            |    38 |    48 ||    86
